 Dungeon Crawl Stone Soup version 0.16-a0-3496-g6490362 (webtiles) character file.

201 RedPan the Chiller (level 5, -6/38 HPs)
             Began as a Draconian Ice Elementalist on Jan 5, 2015.
             Mangled by an orc warrior
             ... wielding a +0 war axe
              (21 damage)
             ... on level 3 of the Dungeon.
             The game lasted 00:13:52 (4301 turns).

RedPan the Chiller (Draconian Ice Elementalist)     Turns: 4301, Time: 00:13:52

Health: -6/38      AC: 13    Str: 11    XL:     5   Next: 50%
Magic:  11/13      EV: 12    Int: 16    God:
Gold:   142        SH:  0    Dex: 11    Spells: 3 memorised, 6 levels left

rFire  x . .     SeeInvis .     o - +0 short sword (flame)
rCold  + . .     Clarity  .     (armour unavailable)
rNeg   . . .     SustAb   .     (no shield)
rPois  .         Gourm    .     (helmet restricted)
rElec  .         Spirit   .     f - +0 cloak
rCorr  .         Warding  .     m - +0 pair of gloves
rMut   .         Stasis   .     (no boots)
MR     .....                    (no amulet)
Stlth  ++........               (no ring)
                                k - ring of ice

@: icy armour, not resistant to hostile enchantments, unstealthy
A: unfitting armour, cold-blooded, AC +5
a: no special abilities


You were on level 3 of the Dungeon.
You were not hungry.

You visited 1 branch of the dungeon, and saw 3 of its levels.

You collected 142 gold pieces.

Inventory:

Hand weapons
 o - a +0 short sword of flaming (weapon)
Armour
 f - a +0 cloak (worn)
 m - a +0 pair of gloves (worn)
Jewellery
 k - a ring of ice (left hand)
Magical devices
 q - a wand of polymorph (6)
Scrolls
 g - 3 scrolls of amnesia
 h - a scroll of immolation {unknown}
 i - 2 scrolls of remove curse
 l - a scroll of recharging
Potions
 a - 2 potions of curing
 e - a potion of restore abilities
 j - a potion of cure mutation {unknown}
Books
 b - a book of Frost

   Spells                             Type                      Level
   a - Freeze                         Ice                          1
   b - Throw Frost                    Conjuration/Ice              2
   c - Ozocubu's Armour               Charms/Ice                   3
   d - Throw Icicle                   Conjuration/Ice              4
   e - Summon Ice Beast               Ice/Summoning                4
   f - Condensation Shield            Ice                          4
Comestibles
 c - 2 bread rations
 d - a slice of pizza
 n - a meat ration


   Skills:
 - Level 1.7 Dodging
 - Level 1.7 Stealth
 - Level 4.0 Spellcasting
 - Level 1.0 Conjurations
 + Level 4.9 Ice Magic


You had 6 spell levels left.
You knew the following spells:

 Your Spells              Type           Power        Failure   Level  Hunger
a - Freeze                Ice            ####         2%          1    None
b - Throw Frost           Conj/Ice       ###...       10%         2    ##.....
c - Ozocubu's Armour      Chrm/Ice       ###.....     21%         3    ###....


Dungeon Overview and Level Annotations

Branches:
Dungeon (3/15)

Altars:
Nemelex Xobeh


Innate Abilities, Weirdness & Mutations

Your plain brown scales are hard (AC +5).
Your body does not fit into most forms of armour.
Your cold-blooded metabolism reacts poorly to cold.


Message History

You hit the orc warrior but do no damage.
The orc warrior hits you with a war axe!
* * * LOW HITPOINT WARNING * * *
Drink which item? (? for menu, Esc to quit)
You feel better.
The orc warrior hits you but does no damage.
Read which item? (? for menu, Esc to quit)
As you read the scroll labeled NOZAETSIDIE, it crumbles to dust.
It is a scroll of recharging.
Charge which item? (? for menu, Esc to quit)
Your wand of polymorph {zapped: 12} glows for a moment.
Evoke which item? (* to show all) (? for menu, Esc to quit)
Zapping:
q - a wand of polymorph {recharged} (will waste charges)
Press: ? - help, Shift-Dir - straight line, f - orc warrior
Aim: an orc warrior, wielding a war axe and wearing a plate armour (chance 46%)
The orc warrior resists with some effort.
Evoking this partially-identified wand wasted a few charges.
The orc warrior hits you with a war axe!!
Ouch! That really hurt!
You die...

##..#..#).# ######.#
###)#..#..# #......# #
#....#..### #.####.## #
##...#....# #.......# #
#...#.##.# #.#######
#####..#.##.# #.#
......>.....# #.#
###.#.#....## #.#
.........#.# #@#
###.#.#..#.#####o#
###..............######
......................#
###..##..#.#####.[###.#
#.....##.#.# #..# #.#
#..##.##.#.# #..###.#
#..##.##.#.###...).(#
#..##.##....##..#####


You could see an orc warrior.

Vanquished Creatures
  An orc priest (D:3)
  An orc wizard (D:3)
  Terence (D:3)
  5 adders
  A worm (D:2)
  4 giant geckos
  An ooze (D:3)
  6 orcs (D:3)
  A ball python (D:3)
  10 bats
  4 giant cockroaches
  11 goblins
  10 hobgoblins
  10 kobolds
  A quokka (D:2)
  3 giant newts
  9 rats
79 creatures vanquished.

Notes
Turn   | Place    | Note
--------------------------------------------------------------
     0 | D:1      | RedPan, the Draconian Ice Elementalist, began the quest for the Orb.
     0 | D:1      | Reached XP level 1. HP: 14/14 MP: 3/3
   533 | D:1      | Reached XP level 2. HP: 15/20 MP: 3/5
   546 | D:1      | Learned a level 2 spell: Throw Frost
  1484 | D:2      | Reached XP level 3. HP: 26/26 MP: 6/6
  1526 | D:2      | Found a sparkling altar of Nemelex Xobeh.
  1824 | D:2      | Reached skill level 4 in Ice Magic
  2039 | D:2      | Reached XP level 4. HP: 33/33 MP: 7/9
  3066 | D:3      | Reached XP level 5. HP: 18/38 MP: 11/11
  3148 | D:3      | Noticed an orc warrior
  3521 | D:2      | Learned a level 3 spell: Ozocubu's Armour
  3932 | D:3      | Noticed Terence
  4029 | D:3      | Killed Terence
  4301 | D:3      | Mangled by an orc warrior

Action                   |  1- 3 |  4- 6 || total
-------------------------+-------+-------++-------
Melee: Unarmed           |   142 |    19 ||   161
       Spear             |       |    79 ||    79
       Short sword       |       |   101 ||   101
 Cast: Freeze            |    29 |     8 ||    37
       Throw Frost       |       |    13 ||    13
       Ozocubu's Armour  |       |     2 ||     2
Evoke: Wand              |       |     1 ||     1
  Use: Scroll            |       |     6 ||     6
       Potion            |       |     3 ||     3
 Stab: Sleeping          |     3 |     1 ||     4
  Eat: Chunk             |     4 |     8 ||    12
